 Dungeon Crawl Stone Soup version 0.22-a0-799-g88f5e90 (webtiles) character file.

161 Hebeh the Conjurer (level 5, -1/28 HPs)
             Began as a Deep Elf Conjurer on July 21, 2018.
             Killed by divine providence
             ... invoked by an orc priest
              (14 damage)
             ... on level 3 of the Dungeon.
             The game lasted 00:13:22 (3151 turns).

Hebeh the Conjurer (Deep Elf Conjurer)              Turns: 3151, Time: 00:13:23

Health: -1/28      AC:  2    Str:  5    XL:     5   Next: 19%
Magic:  9/15       EV: 13    Int: 21    God:
Gold:   88         SH:  0    Dex: 15    Spells: 2/15 levels left

rFire    . . .     SeeInvis .   k - -3 dagger (curse)
rCold    . . .     Gourm    .   (no shield)
rNeg     . . .     Faith    .   a - +0 robe
rPois    .         Spirit   .   (no helmet)
rElec    .         Reflect  .   (no cloak)
rCorr    .         Harm     .   (no gloves)
MR       +....                  (no boots)
Stlth    ++........             (no amulet)
HPRegen  0.09/turn              g - ring of protection from magic
MPRegen  0.14/turn              (no ring)

@: no status effects
A: no striking features
a: no special abilities


You were on level 3 of the Dungeon.
You were hungry.

You visited 1 branch of the dungeon, and saw 3 of its levels.

You collected 88 gold pieces.

Inventory:

Hand Weapons
 h - a +0 short sword
 k - a cursed -3 dagger (weapon)
 s - a +0 hunting sling
Missiles
 i - 79 arrows
Armour
 a - a +0 robe (worn)
Jewellery
 g - a ring of protection from magic (left hand)
Scrolls
 j - 2 scrolls of remove curse {unknown}
 m - a scroll of enchant armour {unknown}
 o - a scroll of amnesia {unknown}
 r - a scroll of identify {unknown}
 t - a scroll of teleportation {unknown}
 v - 2 scrolls of enchant weapon {unknown}
 w - a scroll of magic mapping {unknown}
 x - a scroll of random uselessness {unknown}
Potions
 b - a potion of agility {unknown}
 d - a potion of might {unknown}
 e - 2 potions of curing {unknown}
 f - a potion of degeneration {unknown}
 l - a potion of lignification {unknown}
 n - a potion of brilliance {unknown}
 p - a potion of ambrosia {unknown}
 q - a potion of mutation {unknown}
 u - a potion of cancellation {unknown}
Comestibles
 c - 5 rations


   Skills:
 - Level 2.4 Dodging
 - Level 2.4 Stealth
 + Level 5.6 Spellcasting
 + Level 5.9 Conjurations


You had 2 spell levels left.
You knew the following spells:

 Your Spells              Type           Power        Failure   Level  Hunger
a - Magic Dart            Conj           ####         1%          1    None
b - Iskenderun's Mystic   Conj           ####....     9%          4    ####...
c - Searing Ray           Conj           ####..       1%          2    None
d - Force Lance           Conj/Tloc      ###.....     30%         4    ####...
j - Blink                 Tloc           N/A          16%         2    None

Your spell library contained the following spells:

 Spells                   Type           Power        Failure   Level  Hunger
 Conjure Flame            Conj/Fire      ###.....     9%          3    ##.....
 Slow                     Hex            #.......     16%         2    None
 Mephitic Cloud           Conj/Pois/Air  ##......     14%         3    ##.....
 Call Imp                 Summ           #.......     16%         2    None
 Fulminant Prism          Conj/Hex       ###.......   30%         4    ####...
 Dazzling Spray           Conj/Hex       ###...       9%          3    ##.....


Dungeon Overview and Level Annotations

Branches:
Dungeon (3/15)

Altars:
Nemelex Xobeh
Qazlal


Message History

Confirm with . or Enter, or press ? or * to list all spells.
Aiming: Magic Dart (safe; 1% risk of failure)
Press: ? - help, Shift-Dir - straight line, f/p - orc wizard
Aim: an orc wizard, wielding a dagger of holy wrath and wearing a robe (almost dead)
The magic dart hits the orc wizard.
The orc wizard is almost dead.
The orc priest shouts!
The orc wizard gestures at you while chanting.
The magic dart hits you!
Casting: Magic Dart (safe; 1% risk of failure)
Confirm with . or Enter, or press ? or * to list all spells.
Aiming: Magic Dart (safe; 1% risk of failure)
Press: ? - help, Shift-Dir - straight line, f/p - orc wizard
Aim: an orc wizard, wielding a dagger of holy wrath and wearing a robe (almost dead)
The magic dart hits the orc wizard.
You kill the orc wizard!
The orc priest mumbles some strange prayers to Beogh against you.
Beogh smites you!
Ouch! That really hurt!
You die...

#......#.....#.###
#................#
#......#####.....#
#......# ###....
#.###### #.#.# #.#
#..#.# #.# #.##.# #.#
#.##.# #@# #.##.. #.#
#.##.. #.# .###. #.#
.###. #.#########
.#...
#.#.......###.....
#o#.............##
#.#...............
#........)o.###.#...##


You could see an orc priest.

Vanquished Creatures
  An orc wizard (D:3)
  4 gnolls (D:2)
  4 adders
  3 worms
  A dart slug (D:1)
  A leopard gecko (D:1)
  An orc (D:3)
  A giant cockroach (D:3)
  4 goblins
  8 hobgoblins
  4 jackals (D:3)
  8 kobolds
  A ball python (D:2)
  A bat (D:3)
  5 frilled lizards
  10 rats
57 creatures vanquished.

Notes
Turn   | Place    | Note
-------+----------+-------------------------------------------
     0 | D:1      | Hebeh the Deep Elf Conjurer began the quest for the Orb.
     0 | D:1      | Reached XP level 1. HP: 10/10 MP: 6/6
   244 | D:1      | Reached XP level 2. HP: 15/15 MP: 5/8
  1185 | D:2      | Reached skill level 5 in Conjurations
  1185 | D:2      | Reached XP level 3. HP: 19/19 MP: 5/10
  1237 | D:2      | Learned a level 2 spell: Searing Ray
  1564 | D:2      | Reached XP level 4. HP: 24/24 MP: 0/12
  1659 | D:2      | Learned a level 4 spell: Iskenderun's Mystic Blast
  1664 | D:2      | Learned a level 4 spell: Force Lance
  2296 | D:3      | Reached skill level 5 in Spellcasting
  2303 | D:3      | Learned a level 2 spell: Blink
  2351 | D:3      | Found a stormy altar of Qazlal.
  2725 | D:3      | Found a sparkling altar of Nemelex Xobeh.
  2883 | D:3      | Reached XP level 5. HP: 28/28 MP: 8/14
  3151 | D:3      | Killed from afar by an orc priest

Vault maps used:
D:1:      roderic_crop_circles_arrival_small, minmay_misc_feat_cross
D:3:      grunt_qazlal_clouds, first_ration, nemelex_diamond_rough_becter

Skill      XL: |  1  2  3  4 |
---------------+-------------+-----
Spellcasting   | 4 5 |  5.6
Conjurations   | 5 |  5.9
Dodging        | |  2.4
Stealth        | |  2.4

Action                   |  1- 3 |  4- 6 || total
-------------------------+-------+-------++-------
Melee: Dagger            |     2 |       ||     2
 Cast: Magic Dart        |    52 |    56 ||   108
       Searing Ray       |     3 |     5 ||     8
       Iskenderun's Myst |       |     1 ||     1
  Eat: Chunk             |     2 |     4 ||     6
Armor: Robe              |       |     3 ||     3
Dodge: Dodged            |     2 |     3 ||     5

Table legend:
 A = Spawn XP
 B = Non-spawn XP
 C = Spawn XP percentage of total XP
 D = Spawn monster count
 E = Non-spawn monster count
 F = Spawn count percentage of total count
 G = Total turns spent on level
                    A         B        C        D         E        F      G
               +---------+---------+-------+---------+---------+-------+---------
         Total |       0 |     231 |   0.0 |       0 |      57 |   0.0 |  3151
               +---------+---------+-------+---------+---------+-------+---------
           D:1 |       0 |      27 |   0.0 |       0 |      15 |   0.0 |   934
           D:2 |       0 |     103 |   0.0 |       0 |      22 |   0.0 |  1412
           D:3 |       0 |     101 |   0.0 |       0 |      20 |   0.0 |   805
               +---------+---------+-------+---------+---------+-------+---------
